 Dungeon Crawl Stone Soup version 0.27.1-1-g398f81649c (webtiles) character file.

Game seed: 10976996620435185550

2365 pokedragonboy the Destroyer (level 9, -9/45 HPs)
             Began as a Deep Elf Conjurer on Sept 11, 2021.
             Was an Initiate of Vehumet.
             Killed by an exploding fulminant prism (35 damage)
             ... on level 8 of the Dungeon.
             The game lasted 00:32:57 (7981 turns).

pokedragonboy the Destroyer (Deep Elf Conjurer)     Turns: 7981, Time: 00:32:58

Health: -9/45      AC:  5    Str:  4    XL:     9   Next: 21%
Magic:  22/33      EV: 13    Int: 33    God:    Vehumet [......]
Gold:   248        SH:  0    Dex: 13    Spells: 19/26 levels left

rFire    . . .     SeeInvis .   a - +2 dagger (flame)
rCold    . . .     Faith    .   (no shield)
rNeg     . . .     Spirit   .   I - +2 robe
rPois    .         Reflect  .   (no helmet)
rElec    .         Harm     .   k - +0 cloak
rCorr    .         Rampage  .   (no gloves)
Will     .....                  (no boots)
Stlth    ++........             (no amulet)
HPRegen  0.15/turn              c - +6 ring of intelligence
MPRegen  0.23/turn              H - ring of magical power

@: no status effects
A: no striking features
a: Renounce Religion


You were on level 8 of the Dungeon.
You worshipped Vehumet.
Vehumet was noncommittal.
You visited 2 branches of the dungeon, and saw 9 of its levels.
You also visited: Sewer.

You collected 248 gold pieces.

Inventory:

Hand Weapons
 a - a +2 dagger of flaming (weapon)
 b - a +0 shortbow of flaming
 g - a +0 trident
 i - a +0 dagger of venom
Armour
 k - a +0 cloak (worn)
 I - a +2 robe (worn)
Jewellery
 c - a +6 ring of intelligence (left hand)
 H - a ring of magical power (right hand)
Wands
 q - a wand of digging (5)
 t - a wand of flame (28)
Scrolls
 d - a scroll of silence {unknown}
 e - a scroll of enchant weapon
 f - a scroll of immolation
 l - a scroll of fear
 p - a scroll of blinking
 u - a scroll of acquirement {unknown}
 v - a scroll of summoning
 y - a scroll of brand weapon {unknown}
 C - a scroll of teleportation {unknown}
 D - a scroll of enchant armour {unknown}
 E - a scroll of fog {unknown}
Potions
 h - 2 potions of berserk rage
 j - 2 potions of lignification {unknown}
 m - a potion of ambrosia {unknown}
 n - a potion of attraction {unknown}
 o - 3 potions of resistance
 r - a potion of degeneration {unknown}
 w - 4 potions of mutation {unknown}
 x - 3 potions of invisibility {unknown}
 z - a potion of might {unknown}
 A - 4 potions of magic
 B - a potion of haste {unknown}
 F - a potion of flight {unknown}
 G - a potion of heal wounds


   Skills:
 - Level 5.0 Dodging
 - Level 3.0 Stealth
 + Level 9.4 Spellcasting
 * Level 11.1 Conjurations
 - Level 1.0 Hexes


You had 19 spell levels left.
You knew the following spells:

 Your Spells              Type           Power      Damage    Failure   Level
a - Magic Dart            Conj           100%       1d8       1%          1
b - Searing Ray           Conj           100%       3d7       1%          2
c - Fulminant Prism       Conj/Hex       26%        3d14      2%          4

Your spell library contained the following spells:

 Spells                   Type           Power      Damage    Failure   Level
 Corona                   Hex            24%        N/A       1%          1
 Static Discharge         Conj/Air       51%        N/A       1%          2
 Dazzling Flash           Conj/Hex       100%       N/A       1%          3
 Ensorcelled Hibernation  Hex/Ice        36%        N/A       3%          2
 Iskenderun's Mystic Bla  Conj/Tloc      51%        2d11      3%          4
 Tukima's Dance           Hex            22%        N/A       6%          3
 Ozocubu's Armour         Ice            15%        N/A       9%          3
 Lightning Bolt           Conj/Air       25%        1d41      9%          5
 Metabolic Englaciation   Hex/Ice        9%         N/A       56%         5
 Simulacrum               Ice/Necr       7%         N/A       99%         6
 Maxwell's Capacitive Co  Air            7%         ∞         100%        8


Dungeon Overview and Level Annotations

Branches:
Dungeon (8/15)             Temple (1/1) D:6           Sewer (visited)
   Lair: D:8-11

Altars:
Ashenzari
Cheibriados
Elyvilon
Fedhas
Hepliaklqana
Kikubaaqudgha
Makhleb
Nemelex Xobeh
Okawaru
Qazlal
Ru
Sif Muna
Trog
Uskayaw
Vehumet
Wu Jian
Xom
Yredelemnul
Zin
The Shining One

Shops:
D:1 !


Message History

Unknown command.
Casting: Magic Dart (safe; 1% risk of failure)
Confirm with . or Enter, or press ? or * to list all spells.
You don't know that spell.
Casting: Magic Dart (safe; 1% risk of failure)
Confirm with . or Enter, or press ? or * to list all spells.
Aiming: Fulminant Prism (dangerous; 2% risk of failure)
Press: ? - help, Dir - move target You conjure a prism of explosive energy!
A fulminant prism comes into view.
A magic dart appears from out of thin air!
The magic dart hits you! The orc closely misses you.
Casting: Fulminant Prism (dangerous; 2% risk of failure)
Confirm with . or Enter, or press ? or * to list all spells.
Aiming: Searing Ray (safe; 1% risk of failure)
Press: ? - help, Shift-Dir - straight line The searing ray hits something!
Vehumet accepts your kill.
Reactivating autopickup.
You feel a bit more experienced. (Press . to maintain the ray.)
Your fulminant prism crackles loudly.
The orc hits you from afar with a +0 trident!
The searing ray hits the orc!
You kill the orc!
Vehumet accepts your kill.
The searing ray hits the orc!
You kill the orc!
Vehumet accepts your kill.
The orc throws a boomerang of dispersal.
The boomerang of dispersal hits you.
You blink.
An orc priest and a necrophage come into view.
The orc barely misses you.
Your fulminant prism explodes!
The blast of energy engulfs the orc!!
You kill the orc!
Vehumet accepts your kill. The blast of energy engulfs you!!
Ouch! That really hurt!
You die...

#..... #....
###...#
#.....##
#.[§..#
##.).##
###).).# #
##(...<.#...#
#....@.......#
#..##.o..##.$.
##. #....# . .
......n
.......o..
..#.......
...........
... .......


You could see a necrophage, an orc priest and an orc.

Vanquished Creatures
  A water moccasin (D:7)
  Duvessa (D:7)
  A hornet zombie (D:7)
  2 ice beasts
  2 ogres
  2 necrophages
  4 phantoms
  3 bullfrogs
  2 scorpions (D:5)
  A water moccasin zombie (D:5)
  Dowan (D:7)
  A water moccasin skeleton (D:2)
  A centaur zombie (D:5)
  3 hounds
  2 orc priests
  4 iguanas
  A bullfrog skeleton (D:4)
  4 orc wizards
  13 adders
  3 gnolls (D:6)
  A howler monkey skeleton (D:5)
  6 river rats
  2 shadow imps (D:5)
  2 white imps
  An ufetubus (D:7)
  An adder skeleton (D:3)
  7 worms
  A dart slug (D:1)
  13 orcs
  9 endoplasms
  4 giant cockroaches
  5 goblins
  6 hobgoblins
  4 jackals
  5 kobolds
  2 quokkas (D:4)
  14 ball pythons
  2 bats
  5 frilled lizards
  27 rats
169 creatures vanquished.

Vanquished Creatures (others)
  11 fulminant prisms
11 creatures vanquished.

Grand Total: 180 creatures vanquished

Notes
Turn   | Place    | Note
-------+----------+-------------------------------------------
     0 | D:1      | pokedragonboy the Deep Elf Conjurer began the quest for the
                  | Orb.
     0 | D:1      | Reached XP level 1. HP: 10/10 MP: 6/6
   140 | D:1      | Found a faded altar of an unknown god.
   278 | D:1      | Reached XP level 2. HP: 15/15 MP: 0/8
   351 | D:1      | Learned a level 2 spell: Searing Ray
   689 | D:1      | Found Toawochi's Distillery.
  1207 | D:2      | Reached skill level 5 in Conjurations
  1207 | D:2      | Reached XP level 3. HP: 6/19 MP: 0/10
  1207 | D:2      | Reached XP level 4. HP: 7/24 MP: 0/12
  1753 | D:2      | Learned a level 4 spell: Fulminant Prism
  1970 | D:3      | Noticed a necrophage
  1975 | D:3      | Killed a necrophage
  1976 | D:3      | Reached skill level 5 in Spellcasting
  1976 | D:3      | Reached skill level 6 in Conjurations
  1976 | D:3      | Reached XP level 5. HP: 28/28 MP: 4/14
  2387 | D:3      | Reached XP level 6. HP: 32/32 MP: 12/16
  2511 | D:3      | Found a bloodstained altar of Trog.
  2512 | D:3      | Found a burning altar of Makhleb.
  3236 | D:4      | Reached skill level 7 in Conjurations
  3296 | D:4      | Reached skill level 1 in Hexes
  3690 | D:4      | Reached XP level 7. HP: 36/36 MP: 11/18
  4089 | D:4      | Found an ornate altar of the Wu Jian Council.
  4290 | D:5      | Entered Level 5 of the Dungeon
  4330 | D:5      | Reached skill level 8 in Conjurations
  4648 | D:5      | Reached skill level 9 in Conjurations
  5092 | D:5      | Reached XP level 8. HP: 41/41 MP: 15/21
  5595 | D:6      | Found a glowing silver altar of Zin.
  5602 | D:6      | Found a hazy altar of Hepliaklqana.
  5817 | D:6      | Found a glowing drain.
  5831 | Sewer    | Entered a sewer
  5956 | Sewer    | Reached skill level 10 in Conjurations
  6773 | D:6      | Found a staircase to the Ecumenical Temple.
  6811 | Temple   | Entered the Ecumenical Temple
  6816 | Temple   | Became a worshipper of Vehumet
  7151 | D:7      | Found a basalt altar of Yredelemnul.
  7209 | D:7      | Found a hide-covered altar of Uskayaw.
  7257 | D:7      | Reached XP level 9. HP: 45/45 MP: 24/24
  7528 | D:7      | Noticed Dowan
  7529 | D:7      | Noticed Duvessa
  7536 | D:7      | Killed Duvessa
  7536 | D:7      | Killed Dowan
  7537 | D:7      | Reached skill level 5 in Dodging
  7537 | D:7      | Reached skill level 11 in Conjurations
  7981 | D:8      | Killed by an exploding fulminant prism

Illustrated notes

Levels and vault maps discovered:
D:1:      psy_arrival_terrarium, layout_basic, serial_shops,
          nicolae_shop_waterfront, ebering_ecumenical_altar_webs
D:2:      layout_rooms, hangedman_decor_riveting
D:3:      layout_basic, mainiacjoe_overflow_divided_tiny
D:4:      layout_basic, lemuel_coloured_pillars_altar
D:5:      layout_loops_ring, st_stairs_13, serial_park_tiny_pond
D:6:      layout_loops_cross, overflow_temple_1_default, old_standard_altar,
          temple_green, lightli_sewer_entry_pipes, kennysheep_generic_room_10
D:7:      layout_basic, nicolae_overflow_hidden_temple,
          mainiacjoe_overflow_chevrons, serial_curves, eino_curves_01,
          eino_curves_01, eino_curves_04, uniq_duvessa
D:8:      layout_cave_pools, nicolae_dithmenos_shadow_blocks,
          eino_small_chamber_without_monster
Temple:   cyrus_circular_temple

Skill      XL: |  1  2  3  4  5  6  7  8  9 |
---------------+----------------------------+-----
Dodging        | 3 4 5 |  5.0
Stealth        | 3 |  3.0
Spellcasting   | 4 5 6 7 9 |  9.4
Conjurations   | 5 6 7 9 10 11 | 11.1
Hexes          | 1 |  1.0

Action                   |  1- 3 |  4- 6 |  7- 9 || total
-------------------------+-------+-------+-------++-------
Melee: Trident           |     1 |       |       ||     1
       Dagger            |       |     3 |     3 ||     6
 Cast: Magic Dart        |    32 |    64 |    88 ||   184
       Searing Ray       |     2 |    15 |    37 ||    54
       Fulminant Prism   |       |       |    11 ||    11
  Use: Potion            |       |     1 |       ||     1
       Scroll            |       |       |     8 ||     8
Armor: Robe              |       |       |     3 ||     3
Dodge: Dodged            |     2 |    12 |    17 ||    31
